 Dungeon Crawl Stone Soup version 0.21-a0-504-g2eda330 (webtiles) character file.

252 tof the Twirler (level 5, -4/41 HPs)
             Began as a Demonspawn Gladiator on Nov 26, 2017.
             Slain by an ogre
             ... wielding a +0 giant spiked club
              (18 damage)
             ... on level 4 of the Dungeon.
             The game lasted 00:05:46 (3370 turns).

tof the Twirler (Demonspawn Gladiator)              Turns: 3370, Time: 00:05:47

Health: -4/41      AC:  7    Str: 14    XL:     5   Next: 89%
Magic:  5/5        EV: 12    Int: 10    God:
Gold:   245        SH:  0    Dex: 17    Spells: 1/4 levels left

rFire    . . .     SeeInvis .   a - +0 quarterstaff
rCold    + . .     Gourm    .   (shield currently unavailable)
rNeg     . . .     Faith    .   k - +1 ring mail {rC+}
rPois    .         Spirit   .   c - +0 helmet
rElec    .         Reflect  .   (no cloak)
rCorr    .         Harm     .   (no gloves)
MR       .....                  (no boots)
Stlth    +.........             (no amulet)
HPRegen  0.13/turn              (no ring)
MPRegen  0.09/turn              (no ring)

@: no status effects
A: talons 1, thin skeletal structure 1, spiny 1, rot immunity
a: no special abilities


You were on level 4 of the Dungeon.
You were not hungry.

You visited 1 branch of the dungeon, and saw 4 of its levels.

You collected 245 gold pieces.

Inventory:

Hand Weapons
 a - a +0 quarterstaff (weapon)
Missiles
 d - 3 throwing nets (quivered)
 A - 17 poisoned needles
Armour
 c - a +0 helmet (worn)
 k - a +1 ring mail of cold resistance (worn)
Jewellery
 l - a +2 ring of dexterity {unknown}
 x - an uncursed ring of fire {unknown}
Scrolls
 b - 3 scrolls of remove curse {unknown}
 e - 5 scrolls of identify {unknown}
 g - a scroll of teleportation {unknown}
 n - 3 scrolls of blinking {unknown}
 u - a scroll of magic mapping {unknown}
Potions
 j - a potion of brilliance {unknown}
 m - a potion of degeneration {unknown}
 o - a potion of mutation {unknown}
 p - a potion of heal wounds {unknown}
 s - a potion of agility {unknown}
 t - 2 potions of haste {unknown}
 v - a potion of curing
 w - a potion of invisibility {unknown}
Books
 q - a book of Misfortune

   Spells                             Type                      Level
   a - Confusing Touch                Hexes                        1
   b - Confuse                        Hexes                        3
   c - Gell's Gravitas                Translocation                3
   d - Petrify                        Transmutation/Earth          4
   e - Metabolic Englaciation         Hexes/Ice                    5
   f - Yara's Violent Unravelling     Hexes/Transmutation          5
 y - a book of Beasts

   Spells                             Type                      Level
   a - Summon Butterflies             Summoning                    1
   b - Call Canine Familiar           Summoning                    3
   c - Summon Ice Beast               Ice/Summoning                4
   d - Summon Mana Viper              Hexes/Summoning              5
   e - Summon Hydra                   Summoning                    7
Comestibles
 f - 4 bread rations
 h - a chunk of flesh
 i - 3 meat rations
 r - 2 fruits
 z - a royal jelly


   Skills:
 + Level 3.1 Fighting
 * Level 4.2 Staves
 + Level 2.8 Throwing
 + Level 3.5 Dodging
 + Level 1.2 Hexes


You had one spell level left.
You knew the following spells:

 Your Spells              Type           Power        Failure   Level  Hunger
a - Confuse               Hex            #.......     82%         3    ####...


Dungeon Overview and Level Annotations

Branches:
Dungeon (4/15)
 Temple: D:4-7

Altars:
Sif Muna


Innate Abilities, Weirdness & Mutations

You have sharp toenails.
You have a somewhat thin skeletal structure. (Dex +2, Stealth)
You are partially covered in sharp spines.
You are immune to rotting.


Message History

You claw the giant cockroach, but do no damage.
The giant cockroach is severely wounded.
The giant cockroach is struck by your spines.
You kill the giant cockroach!
You hit the ogre. You claw the ogre.
The ogre is lightly wounded.
The ogre hits you with a giant spiked club!
You completely miss the ogre. Your kick misses the ogre.
The ogre is lightly wounded.
You barely miss the ogre. Your kick misses the ogre.
The ogre is lightly wounded.
The ogre hits you with a giant spiked club!!
You hit the ogre.
The ogre is lightly wounded.
The ogre is struck by your spines. The ogre closely misses you.
You hit the ogre. You claw the ogre, but do no damage.
The ogre is moderately wounded.
The ogre is struck by your spines.
The ogre hits you with a giant spiked club!!
You die...

##.......###
.####..........##
..........?......
8.8.8.8..........
....?.............
..8.8.8...........#
......O............
..8.8.8@...........
...................
8.8..............#
................#
###
#######.......###
##.. ##....####
###..#
#.......####....#
#.<...##..>......#
......####.........#


You could see an ogre.

Vanquished Creatures
  A crimson imp (D:4)
  An orc priest (D:3)
  Robin (D:1)
  4 gnolls (D:1)
  4 adders
  2 worms (D:2)
  A dart slug (D:3)
  2 leopard geckos
  4 orcs (D:3)
  6 giant cockroaches
  13 goblins
  15 hobgoblins
  2 jackals (D:2)
  7 kobolds
  4 quokkas
  5 bats
  6 frilled lizards
  7 rats
85 creatures vanquished.

Notes
Turn   | Place    | Note
-------+----------+-------------------------------------------
     0 | D:1      | tof the Demonspawn Gladiator began the quest for the Orb.
     0 | D:1      | Reached XP level 1. HP: 16/16 MP: 1/1
   331 | D:1      | Gained mutation: You are immune to rotting. [demonic ancestry]
   331 | D:1      | Reached XP level 2. HP: 20/22 MP: 2/2
   348 | D:1      | Reached skill level 3 in Staves
   969 | D:2      | Noticed Robin
  1204 | D:2      | Gained mutation: You are partially covered in sharp spines. [demonic ancestry]
  1204 | D:2      | Reached XP level 3. HP: 18/28 MP: 3/3
  1362 | D:2      | Found a faded altar of an unknown god.
  1771 | D:1      | Killed Robin
  1771 | D:1      | Gained mutation: You have a somewhat thin skeletal structure. (Dex +2, Stealth) [demonic ancestry]
  1771 | D:1      | Reached XP level 4. HP: 3/34 MP: 4/4
  2021 | D:2      | Learned a level 3 spell: Confuse
  2245 | D:2      | Gained mutation: You have sharp toenails. [demonic ancestry]
  2245 | D:2      | Reached XP level 5. HP: 39/40 MP: 5/5
  2940 | D:3      | Reached skill level 4 in Staves
  2946 | D:3      | Reached skill level 1 in Hexes
  3169 | D:3      | Found a deep blue altar of Sif Muna.
  3361 | D:4      | Noticed an ogre
  3370 | D:4      | Slain by an ogre

Vault maps used:
D:1:      dpeg_arrival_signposts, grunt_decor_one_mirror
D:2:      chequers_ecumenical_altar_lobes, first_bread, uniq_robin
D:3:      led_sif_book
D:4:      serial_column_ruins, column_ruins_grid_4, column_ruins_columns_water,
          column_ruins_grid_2, column_ruins_open_small,
          column_ruins_corridor_straight, gup_sewer_entry_pipe

Skill      XL: |  1  2  3  4  5 |
---------------+----------------+-----
Staves         | 3 4 |  4.2
Throwing       | 2 |  2.8
Dodging        | 3 |  3.5
Fighting       | 3 |  3.1
Hexes          | 1 |  1.2

Action                   |  1- 3 |  4- 6 || total
-------------------------+-------+-------++-------
Melee: Quarterstaff      |    94 |    93 ||   187
       Kick              |       |    18 ||    18
  Use: Potion            |     2 |     2 ||     4
 Stab: Sleeping          |       |     1 ||     1
  Eat: Chunk             |     3 |     5 ||     8
Armor: Leather armour    |     5 |       ||     5
       Ring mail         |    23 |    31 ||    54
Dodge: Dodged            |    73 |    42 ||   115

Table legend:
 A = Spawn XP
 B = Non-spawn XP
 C = Spawn XP percentage of total XP
 D = Spawn monster count
 E = Non-spawn monster count
 F = Spawn count percentage of total count
 G = Total turns spent on level
                    A         B        C        D         E        F      G
               +---------+---------+-------+---------+---------+-------+---------
         Total |       0 |     360 |   0.0 |       0 |      85 |   0.0 |  3370
               +---------+---------+-------+---------+---------+-------+---------
           D:1 |       0 |     100 |   0.0 |       0 |      22 |   0.0 |  1582
           D:2 |       0 |     102 |   0.0 |       0 |      35 |   0.0 |   829
           D:3 |       0 |      88 |   0.0 |       0 |      23 |   0.0 |   833
           D:4 |       0 |      70 |   0.0 |       0 |       5 |   0.0 |   126
               +---------+---------+-------+---------+---------+-------+---------
